 Adventure DCSS version bcrawl-1.32 (webtiles) character file.

Game seed: 6685285729320763813

119513 pipel the Conjurer (level 5, 0/29 HPs)
             Began as a Skeleton Conjurer on June 28, 2021.
             Slain by a slave (5 damage)
             ... led by Pikel
             ... on level 5 of the Dungeon.
             The game lasted 00:13:11 (4415 turns).

pipel the Conjurer (Skeleton Conjurer)              Turns: 4415, Time: 00:13:12

Health: 0/29       AC:  5    Str: 15      XL:     5   Next: 95%
Magic:  0/13       EV: 12    Int: 14 (15) God:
Gold:   353        SH:  0    Dex:  8 (9)  Spells: 12/16 levels left
                                        Lives:  0   Deaths: 2

rFire    . . .     SeeInvis .   a - +0 trident
rCold    + . .     Gourm    .   (no shield)
rNeg     + + +     Faith    .   c - +1 leather armour {MR+}
rPois    ∞         Spirit   +   (no helmet)
rElec    .         Reflect  .   d - +0 cloak
rCorr    .         Harm     .   (no gloves)
MR       +....                  (no boots)
Stlth    ++........             e - amulet of inaccuracy (curse)
HPRegen  0.09/turn              (no ring)
MPRegen  0.13/turn              (no ring)

@: no status effects
A: no food or potions, cold resistance 1, deterioration 1, negative energy
resistance 3, powered by death 1, torment resistance, unbreathing, magic shield,
sturdy frame 1, spell healing
a: no special abilities


You were on level 5 of the Dungeon.
You were not hungry.

You visited 1 branch of the dungeon, and saw 5 of its levels.

You collected 353 gold pieces.

Inventory:

Hand Weapons
 a - a +0 trident (weapon)
 b - a +0 blowgun
 h - a +0 glaive
 j - a +0 short sword
 l - a +0 dagger
Missiles
 k - 46 poisoned needles
Armour
 c - a +1 leather armour of magic resistance (worn)
 d - a +0 cloak (worn)
 f - a +0 robe
Jewellery
 e - a cursed amulet of inaccuracy (around neck)
Wands
 g - a wand of disintegration (8)
Scrolls
 i - 2 scrolls of identify
 m - 2 scrolls of teleportation


   Skills:
 + Level 1.4 Fighting
 + Level 1.2 Polearms
 + Level 3.4 Dodging
 + Level 3.0 Stealth
 + Level 0.1 Unarmed Combat
 + Level 6.0 Spellcasting
 + Level 7.0 Conjurations


You had 12 spell levels left.
You knew the following spells:

 Your Spells              Type           Power        Failure   Level  Hunger
a - Magic Dart            Conj           ###.         1%          1    N/A
c - Iskenderun's Mystic   Conj           ###.....     2%          3    N/A

Your spell library contained the following spells:

 Spells                   Type           Power        Failure   Level  Hunger
 Searing Ray              Conj           ###.....     1%          2    N/A
 Fulminant Prism          Conj/Hex       ##........   36%         4    N/A
 Irradiate                Conj/Tmut      ##........   71%         5    N/A

Dungeon Overview and Level Annotations

Branches:
Dungeon (5/12)
 Temple: D:4-7

Altars:
Dithmenos
Hepliaklqana
Okawaru

Annotations:
D:4 Grinder, Sigmund


Innate Abilities, Weirdness & Mutations

You do not eat or drink.
You are immune to poison.
Your flesh is cold resistant. (rC+)
Your body sometimes deteriorates upon taking damage.
You are immune to negative energy. (rN+++)
You regenerate a little health from kills.
You are immune to unholy pain and torment.
You can survive without breathing.
When hurt, damage is shared between your health and your magic reserves.
Your movements are slightly less encumbered by armour. (ER -2)
Casting spells heals you.


Message History

The slave hits you!
* * * LOW HITPOINT WARNING * * *
The slave hits you but does no damage.
Casting: Iskenderun's Mystic Blast (safe; 2% risk of failure)
Confirm with . or Enter, or press ? or * to list all spells.
Aiming: Magic Dart (safe; 1% risk of failure)
Press: ? - help, Shift-Dir - straight line, f/p - slave
Aim: a slave, wearing a +0 animal skin (almost dead)
The magic dart hits the slave.
The slave is almost dead.
The slave closely misses you.
You barely miss the slave.
The slave is almost dead.
The slave hits you.
* * * LOW HITPOINT WARNING * * *
Your body deteriorates!
You feel clumsy.
You barely miss the slave.
The slave is almost dead.
The slave hits you.
You die...

..#........##...##'######.....#.#
..##.......'.....)...............
####..>....##.....<...........#.#
,,*##########....................
,,,*,,,,,,,*#...#######'##...####
,,,*,,.,,,,##...##...##.##...####
,,,*,,...,,#.....)..÷(...).......
,,,*,,.....#..................###
,,,*,......†...p@.............#
,,***#....###'####...........##
,,***#<..,**#..###.....#######
,,,,,...,,,,.)..........#
,,,,,..,,,,.............#
,,,,,.,,,,..............#
,,,,**,,,.##............#
,,,,*****'*#...##......##
,,,,,,,,,,**,,,*########


You could see a slave.

Vanquished Creatures
  An ogre (D:5)
  A howler monkey (D:3)
  A bullfrog zombie (D:5)
  An orc priest (D:5)
  2 orc wizards (D:5)
  A bullfrog skeleton (D:5)
  2 worker ants
  3 adders
  2 shadow imps (D:5)
  2 oozes
  4 dart slugs
  8 leopard geckos
  8 orcs
  A ball python (D:4)
  6 giant cockroaches
  4 goblins
  8 hobgoblins
  7 jackals
  3 kobolds
  2 quokkas
  5 bats
  3 frilled lizards
  14 rats
89 creatures vanquished.

Notes
Turn   | Place    | Note
-------+----------+-------------------------------------------
     0 | D:1      | pipel the Skeleton Conjurer began the quest for the Orb.
     0 | D:1      | Reached XP level 1. HP: 10/10 MP: 4/4
    22 | D:1      | Reached skill level 5 in Conjurations
   271 | D:1      | Reached XP level 2. HP: 15/15 MP: 0/6
   371 | D:1      | Learned a level 2 spell: Searing Ray
  1059 | D:1      | Reached XP level 3. HP: 19/19 MP: 4/7
  1063 | D:1      | Learned a level 3 spell: Iskenderun's Mystic Blast
  1834 | D:2      | Found a shadowy altar of Dithmenos.
  2288 | D:3      | Found an iron altar of Okawaru.
  2318 | D:3      | Found a hazy altar of Hepliaklqana.
  2351 | D:3      | Reached XP level 4. HP: 24/24 MP: 0/9
  2564 | D:3      | Reached skill level 6 in Conjurations
  3305 | D:3      | Reached XP level 5. HP: 4/28 MP: 0/11
  3469 | D:4      | Noticed Grinder
  3562 | D:4      | Noticed Sigmund
  3715 | D:4      | Noticed a sky beast
  3725 | D:5      | Entered Level 5 of the Dungeon
  3770 | D:5      | Reached skill level 5 in Spellcasting
  3956 | D:5      | Noticed an ogre
  3959 | D:5      | Reached skill level 1 in Fighting
  3959 | D:5      | Gained mutation: You regenerate a little health from kills.
                  | [Skeleton growth]
  3959 | D:5      | Reached XP level 6. HP: 34/34 MP: 6/13
  3962 | D:5      | Demolished by an ogre
  3963 | D:5      | Reached XP level 5. HP: -15/29 MP: 0/12
  3978 | D:5      | Noticed a water moccasin
  3989 | D:5      | Slain by a water moccasin
  3990 | D:5      | Reached XP level 4. HP: -1/25 MP: 0/11
  4044 | D:5      | Reached skill level 1 in Polearms
  4212 | D:5      | Reached XP level 5. HP: 15/29 MP: 3/13
  4392 | D:5      | Killed an ogre
  4393 | D:5      | Reached skill level 7 in Conjurations
  4396 | D:5      | Noticed a slave
  4415 | D:5      | Slain by a slave

Skill      XL: |  1  2  3  4  5 |
---------------+----------------+-----
Conjurations   | 5 6 7 |  7.0
Spellcasting   | 4 6 |  6.0
Dodging        | 3 |  3.4
Fighting       | 1 |  1.4
Polearms       | 1 |  1.2
Stealth        | 3 |  3.0
Unarmed Combat | |  0.1

Action                   |  1- 3 |  4- 6 || total
-------------------------+-------+-------++-------
Melee: Unarmed           |     7 |       ||     7
       Dagger            |    20 |    17 ||    37
       Trident           |       |    52 ||    52
 Fire: Blowgun           |       |     1 ||     1
 Cast: Magic Dart        |   104 |   118 ||   222
       Searing Ray       |     1 |       ||     1
       Iskenderun's Myst |     1 |    22 ||    23
Evoke: Wand              |       |     1 ||     1
  Use: Scroll            |     4 |     4 ||     8
Armor: Robe              |     3 |       ||     3
       Leather armour    |    10 |    24 ||    34
Dodge: Dodged            |    28 |    68 ||    96
